AoeStats
← GetOverHere7238

Arabia

504543963Analyzed
1v1 RM · 25d ago on Sep 5, 2026· 26m 1s· 2 players
Game mode
Random Map
Map size
Tiny (2 player)
Population
200
Speed
Normal
Resources
Standard
Victory
Conquest
Starting age
Dark Age
Ending age
Imperial Age
RankedLock teamsTeams togetherTeam positionsShared explorationLock speedFull tech treeHidden civsTurbo modeCheats
Victory
Defeat
🇺🇸 Byzantines · United States
1048
+15
🇺🇸 Goths · United States
1023
-15
GetOverHere7238
4:06 Loom
10:25 Feudal Age
10:32 Man-at-Arms
24:38 Scale Mail Armor
26:01 Forging
Manolo Cyber A2
5:44 Loom
8:55 Feudal Age
9:37 Double-Bit Axe
21:20 Castle Age
19:14 Gold Mining
19:48 Fletching
19:59 Padded Archer Armor
21:31 Crossbowman
23:40 Bow Saw
24:25 Bodkin Arrow
Connection lost

Rejoining the realm…

Still unreachable

The connection could not be restored.

Session expired

The server has moved on; the page needs a fresh start.